 Dungeon Crawl Stone Soup version 0.20.1-1-g8b1a95d (webtiles) character file.

11478 Hylith the Spear-Bearer (level 11, -7/101 HPs)
             Began as a Minotaur Berserker on Dec 25, 2017.
             Was a High Priest of Trog.
             Killed from afar by a raiju (13 damage)
             ... with a living lightning
             ... on level 3 of the Abyss on Dec 26, 2017.
             The game lasted 00:40:43 (8497 turns).

Hylith the Spear-Bearer (Minotaur Berserker)        Turns: 8497, Time: 00:40:44

Health: -7/101     AC: 21    Str: 24    XL:     11   Next: 49%
Magic:  10/10      EV:  2    Int:  4    God:    Trog [*****.]
Gold:   599        SH: 17    Dex: 11    Spells: 10/10 levels left

rFire    + . .     SeeInvis .   o - +4 spear
rCold    + . .     Gourm    .   D - +0 large shield
rNeg     . . .     Faith    .   x - +0 gold dragon scales
rPois    +         Spirit   .   (helmet restricted)
rElec    .         Reflect  .   (no cloak)
rCorr    .         Harm     .   q - +0 pair of gloves
MR       .....                  n - +0 pair of boots
Stlth    ..........             w - amulet of regeneration
Regen    0.7/turn               (no ring)
MPRegen  0.2/turn               (no ring)

@: no status effects
A: retaliatory headbutt, horns 2
a: Berserk, Trog's Hand, Brothers in Arms, Burn Spellbooks, Renounce Religion


You were on level 3 of the Abyss.
You worshipped Trog.
Trog was extremely pleased with you.
You were not hungry.

You visited 1 branch of the dungeon, and saw 10 of its levels.
You visited the Abyss 1 time.

You collected 599 gold pieces.

Inventory:

Hand Weapons
 e - a +0 mace of venom
 o - a +4 spear (weapon)
 F - a +2 shortbow of flaming
 Q - a +0 battleaxe
 T - a +2 spear of distortion
Missiles
 G - 67 arrows
 J - 5 steel javelins (quivered)
Armour
 n - a +0 pair of boots (worn)
 q - a +0 pair of gloves (worn)
 x - +0 gold dragon scales (worn)
 D - a +0 large shield (worn)
Jewellery
 t - an uncursed ring of protection from fire {unknown}
 w - an amulet of regeneration (around neck)
 B - an uncursed ring of teleportation
Wands
 H - a wand of lightning (7/15)
 N - a wand of paralysis (9/24)
 O - a wand of enslavement (16/24)
Scrolls
 a - a scroll of enchant armour {unknown}
 d - 5 scrolls of amnesia
 g - 2 scrolls of recharging
 i - 8 scrolls of identify
 j - 6 scrolls of enchant weapon
 k - 3 scrolls of teleportation {unknown}
 l - a scroll of remove curse
 p - 3 scrolls of magic mapping {unknown}
 r - 3 scrolls of fear {unknown}
 v - 2 scrolls of random uselessness {unknown}
 y - 2 scrolls of fog {unknown}
 L - a scroll of acquirement {unknown}
 M - 4 scrolls of blinking {unknown}
 P - a scroll of noise {unknown}
 S - 2 scrolls of summoning {unknown}
Potions
 b - 2 potions of degeneration {unknown}
 f - 3 potions of heal wounds {unknown}
 m - 7 potions of curing {unknown}
 s - 3 potions of haste {unknown}
 A - a potion of lignification {unknown}
 E - a potion of agility
 I - a potion of mutation {unknown}
 K - a potion of magic {unknown}
Comestibles
 c - 4 bread rations
 h - 15 royal jellies
 u - 7 meat rations
 C - 6 fruits


   Skills:
 * Level 10.4 Fighting
 - Level 3.8(9.1) Axes
 - Level 0.8(2.5) Maces & Flails
 * Level 12.4(12.6) Polearms
 * Level 12.3 Armour
 - Level 2.1 Dodging
 + Level 8.2 Shields


You had 10 spell levels left.
You didn't know any spells.

Dungeon Overview and Level Annotations

Branches:
Dungeon (10/15)            Temple (0/1) D:6
   Lair: D:8-11         Orc: D:9-12

Altars:
Ashenzari
Dithmenos
Elyvilon
Fedhas
Gozag
Kikubaaqudgha
Nemelex Xobeh
Xom
Yredelemnul
Zin
The Shining One

Annotations:
D:5 2 transporters, Prince Ribbit


Innate Abilities, Weirdness & Mutations

You reflexively headbutt those who attack you in melee.
You have a pair of horns on your head.


Message History

The raiju bursts into living lightning!
The living lightning hits you!
* * * LOW HITPOINT WARNING * * *
The living lightning misses the raiju.
The raiju blinks! x2
Your shield prevents you from hitting the raiju.
You block the raiju's attack. x2
You hit the raiju but do no damage. You headbutt the raiju.
The raiju is lightly wounded.
You puncture the raiju!
The raiju is moderately wounded.
The raiju bites you but does no damage. You block the raiju's attack.
You hit the raiju. Your headbutt misses the raiju.
The raiju is heavily wounded.
The raiju bursts into living lightning!
The living lightning hits you!
* * * LOW HITPOINT WARNING * * *
The living lightning hits the raiju.
The raiju completely resists.
The living lightning hits the raiju.
The raiju completely resists.
The living lightning hits you!
You die...

####h. . ##
....#.#
#...###.#
#.###....## ..
#....# #
#.#.##.###.#..
##...##.....#.
.# #
.#).#.#h#..#
.. # #..
##..@##.#..#.
. #...h####.#.
. . ###..##
#.## .# ## ..
.. . #. . . .#
. # .


You could see 2 raiju.

Vanquished Creatures
  Snorg (D:9)
  4 two-headed ogres
  A dancing weapon (Abyss:3)
  A sixfirhy (Abyss:3)
  A swamp dragon (shapeshifter) (D:9)
  The ghost of Anon1729 the Digger, a novice OpEE (D:7)
  Pikel (D:9)
  A centaur zombie (D:10)
  A hornet (D:8)
  A wyvern (D:9)
  A ynoxinul (Abyss:3)
  Eustachio (D:5)
  A large abomination (Abyss:3)
  A soldier ant (D:8)
  Duvessa (D:5)
  A black bear (D:8)
  5 ice beasts
  A phantom (D:4)
  3 slaves
  3 ogres
  3 centaurs
  A crocodile (D:8)
  2 big kobolds (D:7)
  3 bullfrogs
  Dowan (D:5)
  A wyvern skeleton (D:10)
  A small abomination (Abyss:3)
  5 scorpions
  The ghost of Hylith the Chopper, a weakling MiBe of Trog (D:4)
  8 killer bees
  4 wights (D:10)
  A bullfrog zombie (D:8)
  6 crimson imps
  4 hounds
  A jelly (D:8)
  10 orc wizards
  4 orc priests
  A gnoll shaman (D:4)
  2 bullfrog skeletons
  3 centaur skeletons
  Natasha (thrice) (D:2)
  Terence (D:2)
  5 iguanas
  13 worker ants
  2 hound zombies
  A hound skeleton (D:10)
  A worker ant zombie (D:6)
  11 adders
  3 gnolls (D:4)
  2 shadow imps
  2 oozes
  2 adder zombies
  2 adder skeletons
  6 worms
  A dart slug (D:3)
  6 leopard geckos
  24 orcs
  2 ball pythons
  4 bats
  7 giant cockroaches
  4 goblins
  4 hobgoblins
  3 quokkas
  5 frilled lizards
  12 kobolds
  A leopard gecko skeleton (D:4)
  A quokka skeleton (D:8)
  9 rats
230 creatures vanquished.

Vanquished Creatures (others)
  A centaur (D:9)
  A shadow imp (D:9)
  A leopard gecko (D:9)
3 creatures vanquished.

Grand Total: 233 creatures vanquished

Notes
Turn   | Place    | Note
-------+----------+-------------------------------------------
     0 | D:1      | Hylith the Minotaur Berserker began the quest for the Orb.
     0 | D:1      | Reached XP level 1. HP: 19/19 MP: 0/0
   233 | D:1      | Reached XP level 2. HP: 20/27 MP: 1/1
   570 | D:1      | Reached ** piety under Trog
   909 | D:2      | Reached XP level 3. HP: 34/34 MP: 2/2
   921 | D:2      | Noticed Natasha
   924 | D:2      | Killed Natasha
   924 | D:2      | Reached skill level 5 in Fighting
   924 | D:2      | Reached skill level 1 in Polearms
   929 | D:2      | Reached XP level 4. HP: 33/42 MP: 3/3
  1083 | D:2      | Noticed Terence
  1099 | D:2      | Killed Terence
  1140 | D:2      | Noticed Natasha
  1144 | D:2      | Killed Natasha
  1246 | D:2      | Noticed Natasha
  1251 | D:2      | Killed Natasha
  1251 | D:2      | Reached XP level 5. HP: 37/50 MP: 4/4
  2024 | D:3      | Found a shattered altar of Ashenzari.
  2246 | D:3      | Reached XP level 6. HP: 57/57 MP: 5/5
  2768 | D:4      | Reached XP level 7. HP: 61/64 MP: 6/6
  2808 | D:4      | Reached skill level 5 in Polearms
  2827 | D:4      | Noticed Hylith's ghost (weakling MiBe)
  2840 | D:4      | Killed Hylith's ghost
  2840 | D:4      | Reached skill level 5 in Armour
  2885 | D:4      | Reached *** piety under Trog
  3208 | D:5      | Entered Level 5 of the Dungeon
  3343 | D:5      | Noticed Prince Ribbit
  3361 | D:5      | Found a transporter.
  3368 | D:5      | Found a transporter.
  3371 | D:5      | Noticed a hungry ghost
  3376 | D:5      | Noticed Eustachio
  3467 | D:5      | Killed Eustachio
  3467 | D:5      | Reached XP level 8. HP: 73/73 MP: 7/7
  3584 | D:5      | Noticed Duvessa
  3585 | D:5      | Noticed Dowan
  3595 | D:5      | Killed Duvessa
  3605 | D:5      | Killed Dowan
  3661 | D:5      | Found a basalt altar of Yredelemnul.
  3663 | D:5      | Found a blossoming altar of Fedhas.
  3971 | D:6      | Found a blossoming altar of Fedhas.
  4197 | D:6      | Found a glowing drain.
  4221 | D:6      | Reached **** piety under Trog
  4381 | D:6      | Reached skill level 1 in Shields
  4579 | D:6      | Found a staircase to the Ecumenical Temple.
  4588 | D:6      | Got a smoking ring mail
  4685 | D:7      | Found a sand-covered staircase.
  4768 | D:7      | Reached XP level 9. HP: 72/81 MP: 8/8
  4801 | D:7      | Found a shadowy altar of Dithmenos.
  4818 | D:7      | Found a sparkling altar of Nemelex Xobeh.
  4846 | D:7      | Found a glowing golden altar of the Shining One.
  4846 | D:7      | Found a shimmering altar of Xom.
  4956 | D:7      | Noticed Anon1729's ghost (novice OpEE)
  4996 | D:7      | Killed Anon1729's ghost
  5379 | D:8      | Reached skill level 10 in Polearms
  5434 | D:8      | Noticed a two-headed ogre
  5532 | D:9      | Noticed Pikel
  5676 | D:7      | Killed a two-headed ogre
  5731 | D:7      | Reached skill level 5 in Shields
  5882 | D:8      | Reached XP level 10. HP: 91/91 MP: 9/9
  6070 | D:8      | Reached ***** piety under Trog
  6095 | D:8      | Noticed a two-headed ogre
  6307 | D:8      | Killed a two-headed ogre
  6307 | D:8      | Reached skill level 10 in Armour
  6329 | D:8      | Found an opulent altar of Gozag.
  6330 | D:8      | Found a white marble altar of Elyvilon.
  6345 | D:8      | Found an ancient bone altar of Kikubaaqudgha.
  6436 | D:8      | Found a sparkling altar of Nemelex Xobeh.
  6877 | D:9      | Received a gift from Trog
  7056 | D:9      | Killed Pikel
  7089 | D:9      | Noticed a guardian serpent
  7092 | D:9      | a guardian serpent changed into a komodo dragon
  7093 | D:9      | Noticed a two-headed ogre
  7102 | D:9      | Noticed a two-headed ogre
  7125 | D:9      | Found a glowing silver altar of Zin.
  7129 | D:9      | Noticed a cyclops
  7129 | D:9      | a yaktaur changed into a cyclops
  7146 | D:9      | Killed a two-headed ogre
  7229 | D:9      | Killed a two-headed ogre
  7357 | D:9      | Noticed a lindwurm
  7369 | D:9      | Noticed a swamp dragon
  7369 | D:9      | a lindwurm changed into a swamp dragon
  7382 | D:9      | Killed a swamp dragon
  7382 | D:9      | Reached XP level 11. HP: 59/99 MP: 10/10
  7502 | D:10     | Entered Level 10 of the Dungeon
  7661 | D:10     | Reached skill level 10 in Fighting
  7716 | D:10     | Noticed Snorg
  7885 | D:9      | Killed Snorg
  8301 | D:10     | Cast into level 3 of the Abyss (a distortion unwield)
  8358 | Abyss:3  | Noticed a hand axe of venom
  8392 | Abyss:3  | Noticed a sixfirhy
  8395 | Abyss:3  | Killed a hand axe of venom
  8428 | Abyss:3  | Killed a sixfirhy
  8497 | Abyss:3  | Killed from afar by a raiju

Skill      XL: |  1  2  3  4  5  6  7  8  9 10 11 |
---------------+----------------------------------+-----
Fighting       | 4 5 6 7 9 10 | 10.4
Polearms       | 1 2 3 4 7 9 10 12 | 12.4
Armour         | 3 4 6 7 9 11 12 | 12.3
Shields        | 1 5 6 8 |  8.2
Axes           | |  3.8
Maces & Flails | |  0.8
Dodging        | |  2.1

Action                   |  1- 3 |  4- 6 |  7- 9 | 10-12 || total
-------------------------+-------+-------+-------+-------++-------
Melee: Mace              |    37 |       |       |       ||    37
       Hand axe          |     7 |       |       |       ||     7
       Headbutt          |     6 |    29 |    99 |   107 ||   241
       Spear             |    13 |   152 |   457 |   511 ||  1133
  Use: Scroll            |       |       |     5 |       ||     5
  Eat: Chunk             |       |     1 |     8 |     5 ||    14
       Bread ration      |       |     1 |     1 |     1 ||     3
Armor: Animal skin       |     9 |     1 |       |       ||    10
       Scale mail        |       |    41 |       |       ||    41
       Gold dragon scale |       |    10 |   208 |   163 ||   381
Dodge: Dodged            |    35 |    38 |    36 |    17 ||   126
Block: Large shield      |       |       |   160 |   279 ||   439
